 Dungeon Crawl Stone Soup version 0.31-a0-161-gb58dd9be76 (webtiles) character file.

Game seed: 13474491220562820507

85 qw the Shooter (level 4, -4/28 HPs)
             Began as a Gargoyle Hunter on June 12, 2023.
             Slain by an orc priest
             ... wielding a +1 heavy flail
              (6 damage)
             ... on level 3 of the Dungeon.
             The game lasted 00:00:29 (1633 turns).

qw the Shooter (Gargoyle Hunter)                    Turns: 1633, Time: 00:00:29

Health: -4/28      AC:  7    Str: 15    XL:     4   Next: 48%
Magic:  4/4        EV: 11    Int:  9    God:
Gold:   196        SH:  0    Dex: 15    Spells: 3/3 levels left

rFire   . . .        g - +0 shortbow (heavy)
rCold   . . .        (shield currently unavailable)
rNeg    + . .        c - +0 leather armour
rPois   inf          (no helmet)
rElec   +            (no cloak)
rCorr   .            e - +0 pair of gloves
SInv    .            (no boots)
Will    .....        (no amulet)
Stlth   ++           (no ring)
HPRegen 0.24/turn    (no ring)
MPRegen 0.09/turn

%: no passive effects
@: no status effects
A: sickness immunity, AC +3, negative energy resistance 1, electricity
resistance, torment resistance 1, petrification resistance
a: no special abilities


You were on level 3 of the Dungeon.
You visited 1 branch of the dungeon, and saw 3 of its levels.

You collected 196 gold pieces.


Innate Abilities, Weirdness & Mutations

You are immune to sickness and miasma.
Your stone body is resilient. (AC +3)
You are immune to poison.
You resist negative energy. (rN+)
You are resistant to electric shocks. (rElec)
You are resistant to unholy torment.
You are immune to petrification.


   Skills:
 - Level 3.0 Fighting
 + Level 5.4 Ranged Weapons
 - Level 1.5 Dodging
 - Level 1.1 Stealth


You had 3 spell levels left.
You didn't know any spells.
Your spell library was empty.

Inventory:

Hand Weapons
 g - a +0 heavy shortbow (weapon)
Armour
 c - a +0 leather armour (worn)
 e - a +0 pair of gloves (worn)
 f - a +0 ring mail
Scrolls
 d - a scroll of identify
Potions
 a - a potion of lignification
 b - a potion of haste
 h - a potion of berserk rage {unknown}
 i - a potion of degeneration {unknown}
 j - a potion of magic {unknown}

Dungeon Overview and Level Annotations

Branches:
Dungeon (3/15)

Altars:
Nemelex Xobeh


Message History

f - a +0 ring mail You now have 196 gold pieces (gained 12).
Things that are here:
a +0 short sword; a boomerang; an orc corpse 2 orcs come into view.
An orc is wielding a +1 dagger of draining.
Enter note:
Enter note:
Enter note: You shoot an arrow.
The orc shouts! x2
The arrow hits the orc.
The orc is heavily wounded.
You hear a shout!
An orc comes into view.
It is wielding a +1 trident of protection.
An orc priest comes into view. It is wielding a +1 heavy flail.
You shoot an arrow. The arrow closely misses the orc.
The orc shouts!
The orc barely misses you.
An orc comes into view. It is wielding a +0 mace.
The orc priest calls down the wrath of Beogh upon you.
Beogh smites you!
The orc moves out of view.
You hear a shout!
You shoot an arrow. The arrow hits the orc.
The orc is heavily wounded.
The orc closely misses you. The orc barely misses you.
The orc hits you but does no damage.
The orc priest invokes the aid of Beogh against you.
Beogh smites you!
1630 ||| Stepping ~*~*~tactically~*~*~ (outnumbered).
You shoot an arrow. The arrow closely misses the orc.
The orc hits you but does no damage. The orc closely misses you.
You shoot an arrow. The arrow hits the orc.
You kill the orc!
The orc barely misses you.
The orc hits you with a +1 dagger of draining.
You shoot an arrow. The arrow hits the orc priest.
The orc priest is moderately wounded.
The orc priest hits you with a +1 heavy flail.
You die...

###.# #.# #.#
#.## ############
#..# #..........#
##.# #...%......#
#.# #..........#
#.# #...%......#
#.###..@o......#
#.....).o......#
##########o######
####.......# o#
###......%.### .#
#...#..##### o#
####.###.## .#
......<..# o#
##....#### ..


You could see an orc priest and 3 orcs.

Vanquished Creatures
  4 adders
  2 dart slugs
  3 orcs (D:3)
  2 ball pythons (D:1)
  2 bats
  4 endoplasms
  3 giant cockroaches (D:2)
  4 goblins
  5 hobgoblins
  2 jackals (D:1)
  2 quokkas
  A frilled lizard (D:1)
  2 kobolds
  A rat (D:3)
37 creatures vanquished.

Notes
Turn   | Place    | Note
-------+----------+-------------------------------------------
     0 | D:1      | qw the Gargoyle Hunter began the quest for the Orb.
     0 | D:1      | Reached XP level 1. HP: 12/12 MP: 1/1
     0 | D:1      | 0 ||| qw: Version: 0.2-a-29-gc1b59c4
     0 | D:1      | 0 ||| qw: Game counter: 4230
     0 | D:1      | 0 ||| qw: Always use a shield: true
     0 | D:1      | 0 ||| qw: God list: Okawaru
     0 | D:1      | 0 ||| qw: Allow faded altars: false
     0 | D:1      | 0 ||| qw: Do Orc after D:15 true
     0 | D:1      | 0 ||| qw: Do second Lair branch before Depths: true
     0 | D:1      | 0 ||| qw: Lair rune preference: random
     0 | D:1      | 0 ||| qw: Plans: Normal, Zot:1-4, Slime:5, God:TSO, Crypt,
                  | Tomb, Abyss, Pan, Hells, Win
     0 | D:1      | 0 ||| PLANNING D:1-11
    75 | D:1      | Found a faded altar of an unknown god.
    75 | D:1      | Noticed a balrug
   181 | D:1      | Reached XP level 2. HP: 17/17 MP: 2/2
   559 | D:1      | 559 ||| READING scroll labelled AJOERR BOPIG.
   560 | D:1      | 560 ||| READING scroll labelled JANUMO NESUKHLO.
   561 | D:1      | 561 ||| READING scroll labelled TAIKKIRISCH.
   562 | D:1      | 562 ||| READING scroll labelled HUTONA OWNOO.
   563 | D:1      | 563 ||| READING scroll labelled MIMEPSEORI.
   574 | D:1      | 574 ||| DROPPING scroll of butterflies.
   611 | D:2      | Found a sparkling altar of Nemelex Xobeh.
   719 | D:2      | Reached XP level 3. HP: 21/21 MP: 3/3
   819 | D:2      | Reached skill level 5 in Ranged Weapons
  1200 | D:2      | Reached skill level 3 in Fighting
  1403 | D:2      | 1403 ||| UPGRADING to +0 pair of gloves.
  1408 | D:2      | 1408 ||| READING scroll labelled FUV CEANUOGITH.
  1413 | D:2      | 1413 ||| READING 3 scrolls of identify.
  1413 | D:2      | 1413 ||| IDENTIFYING sedimented emerald potion
  1414 | D:2      | 1414 ||| READING 2 scrolls of identify.
  1414 | D:2      | 1414 ||| IDENTIFYING sapphire potion
  1463 | D:3      | Reached XP level 4. HP: 28/28 MP: 4/4
  1629 | D:3      | HP: 2/28 [orc priest/divine providence (13)]
  1630 | D:3      | 1630 ||| Stepping ~*~*~tactically~*~*~ (outnumbered).
  1633 | D:3      | Slain by an orc priest

Levels and vault maps discovered:
D:1:      roderic_crossed_star, layout_basic,
          dreamdust_ecumenical_altar_sealed_demon, nicolae_figureground_sparkle
D:2:      layout_basic, basic_altar
D:3:      layout_rooms

Skill      XL: |  1  2  3 |
---------------+----------+-----
Ranged Weapons | 5 |  5.4
Fighting       | 3 |  3.0
Dodging        | |  1.5
Stealth        | |  1.1

Action                     |  1- 3 |  4- 6 || total
---------------------------+-------+-------++-------
   Fire: Shortbow          |    61 |    19 ||    80
    Use: Scroll            |     8 |       ||     8
 Armour: Leather armour    |     7 |     2 ||     9
  Dodge: Dodged            |    13 |     6 ||    19

Table legend:
 A = Non-vault XP
 B = Vault XP
 C = Vault XP percentage of total XP
 D = Non-vault monster count
 E = Vault monster count
 F = Vault count percentage of total count
                 A         B        C        D         E       F
            +---------+---------+-------+---------+---------+-------
      Total |     122 |       0 |   0.0 |      37 |       0 |   0.0
            +---------+---------+-------+---------+---------+-------
        D:1 |      27 |       0 |   0.0 |      13 |       0 |   0.0
        D:2 |      47 |       0 |   0.0 |      13 |       0 |   0.0
        D:3 |      48 |       0 |   0.0 |      11 |       0 |   0.0
            +---------+---------+-------+---------+---------+-------
